 Dungeon Crawl Stone Soup version 0.19.5 (webtiles) character file.

116 ShaSha the Bolt Thrower (level 5, -3/32 HPs)
             Began as a Kobold Hunter on Apr 14, 2017.
             Slain by a gnoll
             ... wielding a +0 spear
              (6 damage)
             ... on level 3 of the Dungeon.
             The game lasted 00:19:56 (1621 turns).

ShaSha the Bolt Thrower (Kobold Hunter)             Turns: 1621, Time: 00:19:57

Health: -3/32      AC:  3    Str: 11 (14) XL:     5   Next: 21%
Magic:  5/5        EV: 20    Int: 11 (12) God:
Gold:   154        SH:  0    Dex: 18 (21) Spells: 0 memorised, 4 levels left

rFire  . . .     SeeInvis .     a - +1 hand crossbow
rCold  . . .     Gourm    .     c - +0 leather armour
rNeg   . . .     Faith    .     (shield restricted)
rPois  .         Spirit   .     (no helmet)
rElec  .         Reflect  .     (no cloak)
rCorr  .         Harm     .     (no gloves)
MR     .....                    (no boots)
Stlth  +++.......               y - amulet of magic regeneration {Amulette Lvl 2}
                                (no ring)
                                A - +4 ring of strength

@: agile
A: carnivore 3
a: no special abilities


You were on level 3 of the Dungeon.
You were full.

You visited 1 branch of the dungeon, and saw 3 of its levels.

You collected 154 gold pieces.

Inventory:

Hand Weapons
 a - a +1 hand crossbow (weapon)
 b - a +0 short sword
 B - a +0 dagger
Missiles
 d - 35 bolts (quivered)
 h - 8 tomahawks
 j - 24 stones
 n - 23 arrows
 z - 36 sling bullets
Armour
 c - a +0 leather armour (worn)
 g - a +0 robe
 l - a +0 ring mail
 q - a +0 leather armour
Jewellery
 y - an amulet of magic regeneration (around neck) {Amulette Lvl 2}
 A - a +4 ring of strength (left hand)
Scrolls
 e - 3 scrolls of identify {unknown}
 r - a scroll of recharging {unknown}
 s - a scroll of magic mapping {unknown}
 u - a scroll of enchant armour {unknown}
 w - a scroll of fear {unknown}
 x - a scroll of remove curse {unknown}
Potions
 m - a potion of resistance {unknown}
 o - a potion of cancellation {unknown}
 p - a potion of might {unknown}
 t - 2 potions of haste {unknown}
 C - a potion of flight {unknown}
Comestibles
 i - a slice of pizza
 v - a bread ration


   Skills:
 + Level 3.1 Fighting
 + Level 5.9 Crossbows
 + Level 3.1 Dodging
 * Level 3.7 Stealth


You had 4 spell levels left.
You didn't know any spells.

Dungeon Overview and Level Annotations

Branches:
Dungeon (3/15)

Altars:


Innate Abilities, Weirdness & Mutations

You are small and have problems with some larger weapons.
You are carnivorous and can eat meat at any time.


Message History

Aim: a gnoll, wielding a spear (heavily wounded)
You shoot a bolt. The bolt closely misses the gnoll.
The bolt hits the gnoll!
The gnoll is severely wounded.
The gnoll barely misses you.
The gnoll hits you from afar with a spear!
* * * LOW HITPOINT WARNING * * *
Found an escape hatch in the ceiling.
Found a stone staircase leading down.
The gnoll completely misses you. The gnoll closely misses you.
The gnoll closely misses you. x2
The gnoll hits you but does no damage.
Found a meat ration.
The gnoll completely misses you. The gnoll closely misses you.
You hear the slow rusting of a very distant drain.
The gnoll closely misses you. The gnoll completely misses you.
Found a dented soapstone amulet.
Found a stone staircase leading up.
There is an escape hatch in the ceiling here.
The gnoll barely misses you.
The gnoll hits you from afar with a spear.
You die...

##.###........#
...............##
...........(..(.##
..............[((#
...............#.(#
...............##....
"%......g####.(.#####.
<.......g######.##
.......@.##......#
.......####......##
#####.# #.[.....# ...
#......>### ..##
#.........# #.#
#.........#### #.
#........#.#.# #
#.........#.#.
#######..#.#.#


You could see 2 gnolls.

Vanquished Creatures
  Jessica (D:3)
  A gnoll (D:3)
  3 adders (D:2)
  An ooze (D:2)
  2 dart slugs
  2 leopard geckos
  2 giant cockroaches (D:1)
  8 goblins
  4 hobgoblins
  A quokka (D:2)
  2 ball pythons
  6 bats
  6 frilled lizards
  2 kobolds
  9 rats
50 creatures vanquished.

Notes
Turn   | Place    | Note
-------+----------+-------------------------------------------
     0 | D:1      | ShaSha the Kobold Hunter began the quest for the Orb.
     0 | D:1      | Reached XP level 1. HP: 12/12 MP: 1/1
    93 | D:1      | Reached skill level 5 in Crossbows
   113 | D:1      | Reached XP level 2. HP: 17/17 MP: 2/2
   463 | D:1      | Reached XP level 3. HP: 22/22 MP: 3/3
  1047 | D:2      | Reached XP level 4. HP: 25/27 MP: 4/4
  1585 | D:3      | Noticed Jessica
  1589 | D:3      | Killed Jessica
  1589 | D:3      | Reached XP level 5. HP: 24/32 MP: 5/5
  1605 | D:3      | HP: 1/32 [gnoll/spear (7)]
  1621 | D:3      | Slain by a gnoll

Skill      XL: |  1  2  3  4 |
---------------+-------------+-----
Crossbows      | 5 |  5.9
Stealth        | 2 3 |  3.7
Fighting       | 3 |  3.1
Dodging        | 3 |  3.1

Action                   |  1- 3 |  4- 6 || total
-------------------------+-------+-------++-------
 Fire: Hand crossbow     |    74 |    33 ||   107
  Use: Potion            |       |     2 ||     2
  Eat: Meat ration       |       |     1 ||     1
Armor: Leather armour    |     6 |     4 ||    10
Dodge: Dodged            |    27 |    20 ||    47
